 Dungeon Crawl Stone Soup version 0.30.1-4-g462c640d31 (webtiles) character file.

Game seed: 2860362878899774848

4478 spardeous the Placeless Demigod (level 9, -6/62 HPs)
             Began as a Demigod Conjurer on Aug 30, 2023.
             Mangled by an orc warlord (18 damage)
             ... in a bailey.
             The game lasted 00:17:54 (12159 turns).

spardeous the Placeless Demigod (Demigod Conjurer) Turns: 12159, Time: 00:17:55

Health: -6/62      AC: 10    Str: 16    XL:     9   Next: 94%
Magic:  23/23      EV: 12    Int: 24    God:
Gold:   601        SH:  0    Dex: 18    Spells: 11/21 levels left

rFire   . . .        a - +4 scythe (freeze)
rCold   . . .        (shield currently unavailable)
rNeg    . . .        x - +0 steam dragon scales
rPois   .            l - +2 helmet
rElec   .            z - +0 cloak
rCorr   .            (no gloves)
SInv    +            A - +0 pair of boots
Will    .....        (no amulet)
Stlth   ++           v - +6 ring of dexterity
HPRegen 0.30/turn    u - ring of see invisible
MPRegen 0.18/turn

%: no passive effects
@: no status effects
A: high MP 1, forlorn, divine attributes
a: no special abilities


You were in a bailey.
You visited 1 branch of the dungeon, and saw 8 of its levels.
You also visited: Bailey.

You collected 601 gold pieces.

Inventory:

Hand Weapons
 a - a +4 scythe of freezing (weapon)
Armour
 l - a +2 helmet (worn)
 m - a +0 ring mail
 x - +0 steam dragon scales (worn)
 z - a +0 cloak (worn)
 A - a +0 pair of boots (worn)
Jewellery
 e - a ring of protection from cold
 u - a ring of see invisible (right hand)
 v - a +6 ring of dexterity (left hand)
Wands
 r - a wand of paralysis (8)
 F - a wand of iceblast (10)
Scrolls
 d - 2 scrolls of enchant armour
 g - a scroll of amnesia
 h - 5 scrolls of enchant weapon
 j - 9 scrolls of teleportation {unknown}
 k - a scroll of magic mapping
 s - 2 scrolls of blinking
 y - a scroll of noise
 B - a scroll of vulnerability
 G - 2 scrolls of fog {unknown}
Potions
 c - 3 potions of heal wounds {unknown}
 f - 2 potions of curing
 i - 2 potions of attraction {unknown}
 n - 2 potions of invisibility
 o - 2 potions of cancellation
 p - a potion of resistance {unknown}
 q - a potion of brilliance {unknown}
 t - 2 potions of lignification {unknown}
 w - 2 potions of might {unknown}
 C - a potion of mutation
 D - a potion of degeneration
 E - a potion of flight


   Skills:
 - Level 1.7 Dodging
 - Level 1.7 Stealth
 + Level 6.7 Spellcasting
 - Level 7.0 Conjurations
 - Level 10.0 Translocations


You had 11 spell levels left.
You knew the following spells:

 Your Spells              Type           Power      Damage    Failure   Level
a - Magic Dart            Conj           100%       1d8       1%          1
b - Searing Ray           Conj           82%        2d7       1%          2
c - Iskenderun's Mystic   Conj/Tloc      49%        2d11      2%          4
d - Tukima's Dance        Hex            8%         N/A       22%         3

Your spell library contained the following spells:

 Spells                   Type           Power      Damage    Failure   Level
 Blink                    Tloc           100%       N/A       1%          2
 Lesser Beckoning         Tloc           100%       N/A       1%          2
 Momentum Strike          Conj/Tloc      98%        3d10      1%          2
 Passage of Golubria      Tloc           54%        N/A       1%          4
 Dazzling Flash           Conj/Hex       48%        N/A       5%          3
 Necrotise                Necr           32%        1d5       8%          1
 Mephitic Cloud           Conj/Pois/Air  19%        N/A       9%          3
 Poisonous Vapours        Pois/Air       16%        N/A       11%         2
 Fulminant Prism          Conj/Hex       12%        3d8       17%         4
 Vampiric Draining        Necr           8%         2d6       22%         3
 Freezing Cloud           Conj/Ice/Air   9%         6-21      61%         5
 Agony                    Necr           8%         N/A       90%         5
 Yara's Violent Unravell  Hex/Tmut       4%         3d4       90%         5


Dungeon Overview and Level Annotations

Branches:
Dungeon (8/15)             Temple (0/1) D:7          Bailey (1/1)
   Lair: D:8-11

Annotations:
D:4 3 runed translucent doors, Xolotl's ghost, weakling DsDe


Innate Abilities, Weirdness & Mutations

You have an increased reservoir of magic. (+10% MP)
You shall have no god before yourself.
Your divine heritage dramatically boosts your attributes as you level up.


Message History

The orc warlord attacks as you move away!
The orc warlord hits you.
* * * LOW HITPOINT WARNING * * *
You take 2 damage, and have 27/62 hp.
Unknown command.
You see here 2 boomerangs.
Casting: Tukima's Dance (dangerous; 22% risk of failure)
Confirm with . or Enter, or press ? or * to list all spells.
You erupt in a blast of force!
The mystic blast hits the orc warlord.
The orc warlord is moderately wounded.
The orc warlord is knocked back by the mystic blast.
The orc warlord slams into the stone wall!
The orc warlord is moderately wounded.
You now have 5/23 mp.
Things that are here:
a +0 war axe; a +0 leather armour
Things that are here:
a +0 battleaxe; a +0 plate armour
Casting: Iskenderun's Mystic Blast (dangerous; 2% risk of failure)
Confirm with . or Enter, or press ? or * to list all spells.
You erupt in a blast of force!
The mystic blast hits the orc warlord but does no damage.
The orc warlord is lightly wounded.
You now have 2/23 mp.
Unknown command.
Casting: Iskenderun's Mystic Blast (dangerous; 2% risk of failure)
Confirm with . or Enter, or press ? or * to list all spells.
You don't have enough magic to cast this spell.
Unknown command.
The orc warlord attacks as you move away!
The orc warlord hits you!
* * * LOW HITPOINT WARNING * * *
You take 10 damage, and have 21/62 hp.
Magic courses through your body. The orc warlord hits you!
* * * LOW HITPOINT WARNING * * *
You take 9 damage, and have 12/62 hp.
MP restored: 23 The orc warlord attacks as you move away!
The orc warlord hits you!!
You die...

##.....#~~#~.....)~#...
##....#~........?~#...
#..)##~8.8...8.8##...
#...'~~.........#....
#..('~~....∩....#....
#..)'~~.........#....
#...##~8.8...8.8##...
##...o#~........?~#.).
##...(@#~~#~.....)~#...
##....(.####~~~#~~~##...
#...8......#########))..
#.....)..(.(..).))..(.8.
#..........#~~~~~#......
##..8..8...#~~~~~#......
##.......##~~~~~##...8.
##.....##.......##....
##...##.........##...


You could see an orc warlord (ally target) and a friendly +7 broad axe.

Vanquished Creatures
  A two-headed ogre (D:6)
  Pikel (D:5)
  Grinder (D:5)
  Sigmund (D:2)
  A wraith (D:6)
  2 steam dragons
  Menkaure (D:7)
  Duvessa (D:5)
  4 orc warriors
  2 sky beasts
  An ice beast (D:6)
  A centaur (D:7)
  A phantom (D:6)
  A kobold brigand (D:6)
  2 bullfrogs
  A scorpion (D:5)
  5 wights (D:8)
  Dowan (D:5)
  3 killer bees (D:8)
  A howler monkey (D:5)
  8 hounds
  3 orc priests
  2 sleepcaps
  Crazy Yiuf (D:7)
  An orc wizard (D:8)
  6 iguanas
  Terence (D:2)
  Robin (D:2)
  9 gnolls
  8 adders
  3 white imps
  2 ufetubi
  6 dart slugs
  20 orcs
  5 bats
  7 endoplasms
  2 giant cockroaches (D:3)
  24 goblins
  11 hobgoblins
  5 quokkas
  11 ball pythons
  4 frilled lizards
  18 kobolds
  5 rats
195 creatures vanquished.

Notes
Turn   | Place    | Note
-------+----------+-------------------------------------------
     0 | D:1      | spardeous the Demigod Conjurer began the quest for the Orb.
     0 | D:1      | Reached XP level 1. HP: 14/14 MP: 5/5
   361 | D:1      | Reached XP level 2. HP: 20/20 MP: 3/7
  1429 | D:2      | Learned a level 2 spell: Searing Ray
  1448 | D:2      | Reached XP level 3. HP: 26/26 MP: 7/9
  1635 | D:2      | Noticed Robin
  1686 | D:2      | Killed Robin
  2177 | D:2      | Noticed Sigmund
  2189 | D:2      | Killed Sigmund
  2190 | D:2      | Reached skill level 5 in Conjurations
  2190 | D:2      | Reached XP level 4. HP: 33/33 MP: 3/12
  2190 | D:2      | Reached XP level 5. HP: 38/38 MP: 3/13
  2284 | D:2      | Noticed Terence
  2514 | D:2      | Killed Terence
  3492 | D:3      | Learned a level 4 spell: Iskenderun's Mystic Blast
  4060 | D:4      | Reached XP level 6. HP: 45/45 MP: 8/15
  4670 | D:4      | Found a runed translucent gate.
  4670 | D:4      | Found a runed translucent gate.
  4670 | D:4      | Found a runed translucent gate.
  4700 | D:4      | Noticed Xolotl's ghost (weakling DsDe)
  6949 | D:5      | Entered Level 5 of the Dungeon
  7055 | D:5      | Reached XP level 7. HP: 50/50 MP: 10/16
  7157 | D:5      | Noticed Duvessa
  7157 | D:5      | Noticed Dowan
  7171 | D:5      | Killed Duvessa
  7172 | D:5      | Reached skill level 1 in Translocations
  7179 | D:5      | Killed Dowan
  7180 | D:5      | Reached skill level 2 in Translocations
  7510 | D:5      | Reached skill level 3 in Translocations
  7587 | D:5      | Noticed Grinder
  7591 | D:5      | Paralysed by Grinder for 3 turns
  7599 | D:5      | Killed Grinder
  7600 | D:5      | Reached skill level 4 in Translocations
  7803 | D:5      | Noticed Pikel
  7812 | D:5      | Killed Pikel
  7813 | D:5      | Reached skill level 6 in Translocations
  7813 | D:5      | Reached XP level 8. HP: 48/57 MP: 8/17
  7966 | D:6      | Reached skill level 7 in Translocations
  8497 | D:6      | Reached skill level 8 in Translocations
  9033 | D:6      | Noticed a two-headed ogre
  9045 | D:6      | Reached XP level 9. HP: 62/62 MP: 10/18
  9207 | D:6      | Killed a two-headed ogre
  9208 | D:6      | Reached skill level 9 in Translocations
  9610 | D:7      | Reached skill level 10 in Translocations
  9773 | D:7      | Found a staircase to the Ecumenical Temple.
 10061 | D:7      | Noticed Menkaure
 10068 | D:7      | Killed Menkaure
 10069 | D:7      | Reached skill level 5 in Spellcasting
 10492 | D:7      | Found a runed translucent door.
 10493 | D:7      | Noticed Crazy Yiuf
 10499 | D:7      | Killed Crazy Yiuf
 11011 | D:8      | Found a flagged portal.
 11108 | Bailey   | Entered a bailey
 11152 | Bailey   | Noticed an orc warlord
 11279 | Bailey   | Found a runed translucent gate.
 11282 | Bailey   | Found a runed translucent gate.
 11284 | Bailey   | Found a runed translucent gate.
 11769 | Bailey   | HP: 2/62 [orc warlord/+7 broad axe (37)]
 11959 | Bailey   | Learned a level 3 spell: Tukima's Dance
 12159 | Bailey   | Mangled by an orc warlord

Illustrated notes

Levels and vault maps discovered:
D:1:      sevenhm_arrival_forest_fort_large_4, layout_loops_cross,
          shapermc_ecumenical_altar_mp_highgroup
D:2:      layout_basic, uniq_terence, uniq_sigmund, uniq_robin
D:3:      layout_loops_corners, nicolae_overflow_two_pavilions, fedhas_altar_1,
          minivault_24
D:4:      layout_layer_cave, ebering_ghost_gozag,
          chequers_serial_rivers_small_3, hellmonk_no_cap
D:5:      layout_cave_pools, minmay_fractal_squares_gapless_5, uniq_grinder,
          uniq_pikel, uniq_duvessa
D:6:      layout_rooms, grunt_potential
D:7:      layout_basic, pf_just_have_faith, minmay_temple_entry_grid,
          minivault_11, uniq_crazy_yiuf_cottage, uniq_menkaure
D:8:      layout_basic, enter_bailey_3, roderic_st_hans_cross
Bailey:   bailey_axe_bossmonster_kennysheep, bailey

Skill      XL: |  1  2  3  4  5  6  7  8  9 |
---------------+----------------------------+-----
Spellcasting   | 2 3 4 6 |  6.7
Conjurations   | 4 5 6 7 |  7.0
Translocations | 6 8 10 | 10.0
Dodging        | |  1.7
Stealth        | |  1.7

Action                     |  1- 3 |  4- 6 |  7- 9 || total
---------------------------+-------+-------+-------++-------
  Melee: Unarmed           |     4 |       |       ||     4
         Halberd           |       |     2 |    71 ||    73
   Cast: Magic Dart        |   102 |   111 |    95 ||   308
         Searing Ray       |     2 |    11 |    43 ||    56
         Iskenderun's Myst |       |       |    38 ||    38
         Tukima's Dance    |       |       |     4 ||     4
  Evoke: Wand              |       |       |     8 ||     8
    Use: Potion            |       |       |     3 ||     3
         Scroll            |       |       |    12 ||    12
   Stab: Sleeping          |       |       |     4 ||     4
 Armour: Robe              |     4 |       |       ||     4
         Ring mail         |       |    15 |    11 ||    26
         Steam dragon scal |       |       |    59 ||    59
  Dodge: Dodged            |    37 |    19 |   124 ||   180
